 Dungeon Crawl Stone Soup version 0.26-a0-652-gafc20e3620 (webtiles) character file.

Game seed: 13777461124880248767

441 DoubleLucky the Magician (level 6, -4/32 HPs)
             Began as a Deep Elf Conjurer on Oct 3, 2020.
             Was an Initiate of Vehumet.
             Slain by a leopard gecko (5 damage)
             ... on level 5 of the Dungeon.
             The game lasted 00:17:02 (6200 turns).

DoubleLucky the Magician (Deep Elf Conjurer)        Turns: 6200, Time: 00:17:03

Health: -4/32      AC:  3    Str:  4    XL:     6   Next: 70%
Magic:  9/18       EV: 13    Int: 25    God:    Vehumet [......]
Gold:   181        SH:  0    Dex: 13    Spells: 13/19 levels left

rFire    . . .     SeeInvis .   i - +1 dagger
rCold    . . .     Faith    .   (no shield)
rNeg     . . .     Spirit   .   a - +0 robe
rPois    .         Reflect  .   (no helmet)
rElec    .         Harm     .   (no cloak)
rCorr    .         Rampage  .   (no gloves)
MR       .....                  g - +0 pair of boots
Stlth    ++........             (no amulet)
HPRegen  0.10/turn              (no ring)
MPRegen  0.16/turn              (no ring)

@: marked
A: no striking features
a: Renounce Religion


You were on level 5 of the Dungeon.
You worshipped Vehumet.
Vehumet was noncommittal.
You visited 2 branches of the dungeon, and saw 7 of its levels.

You collected 181 gold pieces.

Inventory:

Hand Weapons
 i - a +1 dagger (weapon)
Missiles
 b - 135 stones (quivered)
Armour
 a - a +0 robe (worn)
 g - a +0 pair of boots (worn)
Jewellery
 h - a +4 ring of evasion {unknown}
Scrolls
 c - 3 scrolls of amnesia
 d - 2 scrolls of teleportation
 e - 2 scrolls of magic mapping {unknown}
 f - 4 scrolls of remove curse
 j - a scroll of immolation
 o - a scroll of enchant armour {unknown}
 p - a scroll of random uselessness {unknown}
Potions
 k - 5 potions of curing {unknown}
 m - a potion of haste
 n - a potion of might {unknown}
 q - 2 potions of ambrosia {unknown}


   Skills:
 - Level 2.4 Dodging
 - Level 2.4 Stealth
 + Level 7.1 Spellcasting
 + Level 7.0 Conjurations


You had 13 spell levels left.
You knew the following spells:

 Your Spells              Type           Power        Failure   Level
a - Magic Dart            Conj           ####         1%          1
b - Searing Ray           Conj           #####.       1%          2
c - Dazzling Flash        Conj/Hex       ####..       4%          3

Your spell library contained the following spells:

 Spells                   Type           Power        Failure   Level
 Fulminant Prism          Conj/Hex       ####......   16%         4
 Iskenderun's Mystic Bla  Conj/Tloc      ####....     16%         4


Dungeon Overview and Level Annotations

Branches:
Dungeon (6/15)             Temple (1/1) D:4

Altars:
Cheibriados
Gozag
Kikubaaqudgha
Makhleb
Nemelex Xobeh
Okawaru
Qazlal
Ru
Sif Muna
Trog
Uskayaw
Vehumet
Wu Jian
Yredelemnul

Shops:
D:5 *

Annotations:
D:2 Sigmund
D:5 Blork the orc


Message History

Casting: Magic Dart (safe; 1% risk of failure)
Confirm with . or Enter, or press ? or * to list all spells.
Aiming: Magic Dart (safe; 1% risk of failure)
Press: ? - help, Shift-Dir - straight line, f - orc
Aim: an orc, wielding a +0 hand axe, wearing a +0 scale mail and quivering 2 boomerangs The magic dart hits the orc but does no damage.
The jackal misses you. The orc completely misses you.
The leopard gecko bites you.
* * * LOW HITPOINT WARNING * * *
Something barely misses you.
The jackal bites you but does no damage.
Casting: Magic Dart (safe; 1% risk of failure)
Confirm with . or Enter, or press ? or * to list all spells.
Aiming: Magic Dart (safe; 1% risk of failure)
Press: ? - help, Shift-Dir - straight line, f/p - orc
Aim: an orc, wielding a +0 hand axe, wearing a +0 scale mail and quivering 2 boomerangs The magic dart hits the orc.
The orc is heavily wounded.
The leopard gecko bites you.
You die...

###...#.#.#.##.....##.##.
#........#........##.##.
#...#....#....##..##....
#........#....##..##.##.
#.≈.∩.§.#..##........##.
#..........##..#....###.
#...≈....#.##..#........
#.....l{##.....#.....###
#....oo@h.####.....#.# #
#.....####.##.........# #
#.##>## #.########.#.###
#. #.# #'# #....#.... #.
... ... ####...... .#.#
... #....## . ..#. ....
#....#. .. ## #....
#....#. ...#######
##...#.


You could see 2 orcs, a leopard gecko and a jackal.

Vanquished Creatures
  An ogre (D:4)
  2 bullfrog zombies
  A jelly (D:5)
  A hound (D:4)
  An orc wizard (D:5)
  2 gnolls
  6 adders
  A river rat (D:3)
  A white imp (D:5)
  An ooze (D:1)
  An adder zombie (D:5)
  2 adder skeletons (D:4)
  3 worms
  A dart slug (D:1)
  4 orcs (D:3)
  3 giant cockroaches
  6 goblins
  8 hobgoblins
  12 jackals
  7 kobolds
  A quokka (D:2)
  3 ball pythons
  8 bats
  3 frilled lizards
  A quokka zombie (D:5)
  14 rats
94 creatures vanquished.

Notes
Turn   | Place    | Note
-------+----------+-------------------------------------------
     0 | D:1      | DoubleLucky the Deep Elf Conjurer began the quest for the
                  | Orb.
     0 | D:1      | Reached XP level 1. HP: 10/10 MP: 6/6
   156 | D:1      | Reached XP level 2. HP: 15/15 MP: 4/8
   205 | D:1      | Learned a level 2 spell: Searing Ray
   459 | D:1      | Reached skill level 5 in Conjurations
   459 | D:1      | Reached XP level 3. HP: 19/19 MP: 6/10
  1134 | D:1      | Found a sparkling altar of Nemelex Xobeh.
  1243 | D:2      | Reached XP level 4. HP: 23/24 MP: 6/12
  1684 | D:2      | Noticed Sigmund
  1783 | D:2      | Reached skill level 5 in Spellcasting
  1861 | D:2      | Learned a level 3 spell: Dazzling Flash
  2493 | D:3      | You fall into a shaft and drop 3 floors!
  2502 | D:5      | Entered Level 5 of the Dungeon
  2503 | D:5      | Found Rimyudgh's Elemental Accessories.
  2509 | D:5      | Noticed a sky beast
  2667 | D:5      | Reached XP level 5. HP: 28/28 MP: 10/14
  3364 | D:3      | Found a radiant altar of Vehumet.
  3368 | D:3      | Became a worshipper of Vehumet
  3702 | D:4      | Found a burning altar of Makhleb.
  3702 | D:4      | Noticed a green death
  3706 | D:4      | Noticed a neqoxec
  3706 | D:4      | Noticed a neqoxec
  3733 | D:4      | Found an ornate altar of the Wu Jian Council.
  4314 | D:4      | Noticed an ogre
  4323 | D:4      | Killed an ogre
  4323 | D:4      | Reached XP level 6. HP: 32/32 MP: 9/17
  4410 | D:4      | Found a staircase to the Ecumenical Temple.
  4419 | Temple   | Entered the Ecumenical Temple
  5081 | D:5      | Noticed Blork the orc
  6199 | D:5      | HP: 1/32 [leopard gecko (5)]
  6200 | D:5      | Slain by a leopard gecko

Illustrated notes

Levels and vault maps discovered:
D:1:      dpeg_arrival_windows_large_door, layout_loops_ring,
          nemelex_xobeh_ov_fountains_minmay
D:2:      layout_loops_corners, uniq_sigmund
D:3:      layout_basic, marbit_many_paths, portal_sewer_entry_e
D:4:      layout_loops_ring, lemuel_coloured_pillars_altar,
          minmay_temple_entry_trees, makhleb_altar_promises_db
D:5:      layout_basic, nicolae_elemental_shop, minmay_tree_intersection,
          small_statue_intersection, uniq_blork_the_orc
D:6:      layout_basic, grunt_temple_overflow_order_and_chaos_1,
          lemuel_doored_altar, lemuel_crystal_altar, minmay_chambers_of_fives
Temple:   minmay_temple_forest_path

Skill      XL: |  1  2  3  4  5  6 |
---------------+-------------------+-----
Spellcasting   | 4 5 6 7 |  7.1
Conjurations   | 5 6 7 |  7.0
Dodging        | |  2.4
Stealth        | |  2.4

Action                   |  1- 3 |  4- 6 || total
-------------------------+-------+-------++-------
Melee: Dagger            |       |     7 ||     7
 Cast: Magic Dart        |    61 |   175 ||   236
       Searing Ray       |     2 |     3 ||     5
       Dazzling Flash    |       |     3 ||     3
  Use: Scroll            |       |     8 ||     8
       Potion            |       |     1 ||     1
 Stab: Sleeping          |       |     1 ||     1
Armor: Robe              |     1 |    12 ||    13
Dodge: Dodged            |     1 |    33 ||    34

Table legend: (Time is in decaauts)
 A = Elapsed time spent in this place.
 B = Non-inter-level travel time spent in this place.
 C = Inter-level travel time spent in this place.
 D = Time resting spent in this place.
 E = Time spent auto-exploring this place.
 F = Levels seen in this place.
 G = Mean time per level.
                   A        B        C        D        E       F      G
               +--------+--------+--------+--------+--------+-----+--------+
         Total |   6193 |   6011 |    182 |    880 |   4083 |   7 |  884.7 |
       Dungeon |   5844 |   5700 |    144 |    880 |   3774 |   6 |  974.0 |
        Temple |    348 |    310 |     38 |      0 |    309 |   1 |  348.0 |
               +--------+--------+--------+--------+--------+-----+--------+

Top non-repeatable levels by time:
     D:4: 1390 daAuts
     D:2: 1267 daAuts
     D:1: 1170 daAuts
     D:5: 1016 daAuts
     D:3: 991 daAuts
  Temple: 348 daAuts
     D:6: 8 daAuts
